 Dungeon Crawl Stone Soup version 0.25-a0-719-gde951dc (webtiles) character file.

Game seed: 12246742131855834353, levelgen mode: deterministic

1357 relicbr the Covert (level 8, -6/52 HPs)
             Began as a Vampire Enchanter on Apr 6, 2020.
             Mangled by an orc warrior
             ... wielding a +0 trident
              (15 damage)
             ... on level 6 of the Dungeon on Apr 7, 2020.
             The game lasted 00:38:46 (6827 turns).

relicbr the Covert (Vampire Enchanter)              Turns: 6827, Time: 00:38:47

Health: -6/52      AC:  3    Str:  7    XL:     8   Next: 37%
Magic:  14/18      EV: 12    Int: 20    God:
Gold:   240        SH:  0    Dex: 14    Spells: 15/21 levels left

rFire    . . .     SeeInvis +   b - +0 dagger (venom)
rCold    . . .     Gourm    .   (no shield)
rNeg     . . .     Faith    .   f - +0 leather armour {MR+}
rPois    .         Spirit   .   (no helmet)
rElec    .         Reflect  .   (no cloak)
rCorr    .         Harm     .   (no gloves)
MR       +....                  (no boots)
Stlth    ++++......             (no amulet)
HPRegen  0.37/turn              (no ring)
MPRegen  0.16/turn              (no ring)

@: confusing touch, regenerating quickly, lightly drained
A: no food, fangs 3, see invisible, unbreathing
a: Exsanguinate


You were on level 6 of the Dungeon.
You were alive.

You visited 1 branch of the dungeon, and saw 6 of its levels.

You collected 240 gold pieces.

Inventory:

Hand Weapons
 a - a +2 dagger
 b - a +0 dagger of venom (weapon)
Missiles
 h - 27 poisoned darts (quivered)
Armour
 f - a +0 leather armour of magic resistance (worn)
 j - a +0 robe
Jewellery
 s - an uncursed amulet of faith
Wands
 l - a wand of flame (28)
 n - a wand of digging (7)
Scrolls
 c - 4 scrolls of remove curse
 k - a scroll of teleportation {unknown}
 q - a scroll of random uselessness {unknown}
Potions
 g - a potion of brilliance
 m - a potion of invisibility
 o - a potion of curing
 r - a potion of magic {unknown}
 t - a potion of haste {unknown}


   Skills:
 - Level 1.1(1.0) Short Blades
 - Level 2.1 Dodging
 - Level 9.6(9.5) Stealth
 * Level 7.0(6.9) Spellcasting
 - Level 8.0(7.9) Hexes
 - Level 0.1(0.0) Ice Magic


You had 15 spell levels left.
You knew the following spells:

 Your Spells              Type           Power        Failure   Level  Hunger
a - Corona                Hex            #####..      1%          1    N/A
b - Ensorcelled Hibernat  Hex/Ice        ###...       4%          2    N/A
c - Confusing Touch       Hex            #####...     1%          3    N/A

Your spell library contained the following spells:

 Spells                   Type           Power        Failure   Level  Hunger
 Tukima's Dance           Hex            #####...     1%          3    N/A
 Dazzling Flash           Conj/Hex       ###...       9%          3    N/A

Dungeon Overview and Level Annotations

Branches:
Dungeon (6/15)
 Temple: D:4-7

Altars:
Elyvilon
Fedhas
Okawaru
Uskayaw

Annotations:
D:5 1 runed translucent door, Chalrif's ghost, novice BaHu


Innate Abilities, Weirdness & Mutations

You do not eat.
Your natural rate of healing is unusually fast.
You have razor-sharp teeth.
You have supernaturally acute eyesight. (SInv)
You can survive without breathing.


Message History

The orc wizard casts a spell at you. The magic dart hits you!
The orc wizard hits you with a +0 dagger.
You see here a +0 flail.
You hit the orc wizard but do no damage.
The orc wizard hits you with a +0 dagger.
The orc warrior hits you from afar with a +0 trident!!
* * * LOW HITPOINT WARNING * * *
You feel better. The orc wizard barely misses you.
The orc warrior hits you from afar with a +0 trident.
* * * LOW HITPOINT WARNING * * *
Casting: Confusing Touch (safe; 1% risk of failure)
Confirm with . or Enter, or press ? or * to list all spells.
Aiming: Ensorcelled Hibernation (safe; 4% risk of failure)
Press: ? - help, Shift-Dir - straight line, f - orc warrior
Aim: an orc warrior, wielding a +0 trident and wearing a +0 plate armour (chance to confuse on hit: 66%, chance to defeat MR: 51%)
The orc warrior resists with some effort.
The orc wizard closely misses you.
The orc warrior hits you from afar with a +0 trident!
You die...

##.#.# #.#
#...# #.#
##########..#
#.#
.......†...>#
#.#
#############
#.# ####...#
#o# .......#
#o# ####.###
#.#
#.###########@#
#...........#o#
###########.#)#
#.#)# #.#.#
#.#.# #...#
#.### ###


You could see an orc warrior, an orc wizard and an orc.

Vanquished Creatures
  Edmund (D:4)
  2 ogres
  A centaur (D:5)
  A howler monkey (D:4)
  5 orc priests
  2 bullfrog skeletons
  4 hounds
  A jelly (D:4)
  A gnoll shaman (D:4)
  3 orc wizards
  2 centaur skeletons
  Ijyb (D:3)
  An iguana (D:5)
  4 worker ants
  A hound skeleton (D:4)
  9 gnolls
  2 river rats (D:3)
  2 adders
  An adder skeleton (D:4)
  4 worms
  3 dart slugs
  2 leopard geckos
  31 orcs
  3 giant cockroaches
  6 hobgoblins
  6 kobolds
  4 quokkas
  2 ball pythons
  9 bats
  5 frilled lizards
  3 goblins
  2 quokka skeletons
  14 rats
  A bush (D:1)
  A plant (D:1)
140 creatures vanquished.

Notes
Turn   | Place    | Note
-------+----------+-------------------------------------------
     0 | D:1      | relicbr the Vampire Enchanter began the quest for the Orb.
     0 | D:1      | Reached XP level 1. HP: 13/13 MP: 3/3
   256 | D:1      | Reached skill level 5 in Hexes
   451 | D:1      | Reached XP level 2. HP: 15/19 MP: 3/5
   912 | D:1      | Learned a level 2 spell: Ensorcelled Hibernation
  1574 | D:2      | Found a blossoming altar of Fedhas.
  1834 | D:2      | Reached XP level 3. HP: 24/24 MP: 3/6
  2691 | D:3      | Reached XP level 4. HP: 30/30 MP: 4/7
  2975 | D:3      | Found an iron altar of Okawaru.
  3583 | D:3      | Reached skill level 5 in Stealth
  3583 | D:3      | Reached XP level 5. HP: 5/35 MP: 1/8
  3709 | D:3      | Learned a level 3 spell: Confusing Touch
  3716 | D:3      | Reached skill level 6 in Stealth
  4083 | D:3      | HP: 1/35 [orc priest/divine providence (10)]
  4090 | D:3      | Reached skill level 7 in Stealth
  4230 | D:3      | Reached XP level 6. HP: 41/41 MP: 4/9
  4409 | D:4      | Noticed Edmund
  4472 | D:4      | HP: 2/41 [adder skeleton (3)]
  4599 | D:4      | Noticed Ijyb
  4707 | D:4      | Reached skill level 8 in Stealth
  4757 | D:4      | Reached skill level 9 in Stealth
  4918 | D:3      | Killed Ijyb
  5016 | D:4      | Reached XP level 7. HP: 46/46 MP: 7/10
  5526 | D:4      | Killed Edmund
  5772 | D:4      | Reached skill level 5 in Spellcasting
  6088 | D:5      | Entered Level 5 of the Dungeon
  6272 | D:5      | Noticed a +0 dagger
  6273 | D:5      | Found a hide-covered altar of Uskayaw.
  6274 | D:5      | Noticed a +0 dagger
  6381 | D:5      | Reached XP level 8. HP: 52/52 MP: 13/16
  6390 | D:5      | Found a white marble altar of Elyvilon.
  6425 | D:5      | Found a runed translucent door.
  6478 | D:5      | Noticed Chalrif's ghost (novice BaHu)
  6825 | D:6      | HP: 1/52 [orc warrior/+0 trident (24)]
  6827 | D:6      | Mangled by an orc warrior

Levels and vault maps discovered:
D:1:      mrwooster_arrival_arrow, layout_basic, serial_forest,
          infiniplex_forest_clump_small, infiniplex_forest_clump_long,
          infiniplex_forest_end_2, infiniplex_forest_clump_medium,
          infiniplex_forest_straight_1, minivault_24, minmay_misc_feat_alley
D:2:      layout_basic, marbit_many_paths, first_ration
D:3:      layout_basic, portal_sewer_entry_e, okawaru_gym_becter
D:4:      layout_loops_ring, grunt_ministairs_15, uniq_ijyb, uniq_edmund
D:5:      minmay_spotlight, layout_cave_pools, nicolae_overflow_crystal_walls,
          dancing_weapons_uskayaw, ebering_ghost_reflecting_pool
D:6:      layout_basic, minivault_4, uniq_maggie

Skill      XL: |  1  2  3  4  5  6  7  8 |
---------------+-------------------------+-----
Hexes          | 5 6 7 8 |  8.0
Stealth        | 5 7 9 |  9.6
Spellcasting   | 5 7 |  7.0
Short Blades   | |  1.1
Dodging        | |  2.1
Ice Magic      | |  0.1

Action                   |  1- 3 |  4- 6 |  7- 9 || total
-------------------------+-------+-------+-------++-------
Melee: Dagger            |   153 |   174 |   113 ||   440
       Bite              |    63 |     7 |    10 ||    80
       Short sword       |   335 |       |       ||   335
Throw: Dart              |       |    16 |     4 ||    20
 Cast: Corona            |    19 |    13 |     2 ||    34
       Ensorcelled Hiber |    23 |    56 |    27 ||   106
       Confusing Touch   |       |     3 |     8 ||    11
  Use: Scroll            |     7 |       |     3 ||    10
       Potion            |       |     2 |     1 ||     3
 Stab: Sleeping          |    23 |    27 |    29 ||    79
       Distracted        |     1 |     1 |       ||     2
       Confused          |       |     5 |     6 ||    11
Armor: Leather armour    |    24 |    21 |    13 ||    58
       Robe              |     3 |     7 |       ||    10
       Skin              |       |     5 |       ||     5
Dodge: Dodged            |    98 |    79 |    43 ||   220

Table legend:
 A = Non-vault XP
 B = Vault XP
 C = Vault XP percentage of total XP
 D = Non-vault monster count
 E = Vault monster count
 F = Vault count percentage of total count
                 A         B        C        D         E       F
            +---------+---------+-------+---------+---------+-------
      Total |    1662 |     277 |  14.3 |     124 |      14 |  10.1
            +---------+---------+-------+---------+---------+-------
        D:1 |      20 |       0 |   0.0 |      10 |       0 |   0.0
        D:2 |      51 |       1 |   1.9 |      23 |       1 |   4.2
        D:3 |     306 |      69 |  18.4 |      40 |       9 |  18.4
        D:4 |     649 |     202 |  23.7 |      33 |       2 |   5.7
        D:5 |     467 |       5 |   1.1 |      11 |       2 |  15.4
        D:6 |     169 |       0 |   0.0 |       7 |       0 |   0.0
            +---------+---------+-------+---------+---------+-------
